Unix NetHack Version 5.0.0-0 post-release - last build May  4 2026 22:22:43 (774f63e81ad911689b3a0859ea89b322d5daca8d,branch:main).

Game began 2026-05-05 05:45:15, ended 2026-05-05 06:18:00.

Ackbladder, neutral female human Wizard

                                                   ------------
                                                   |.......<..|
                                                   |.....%....|
                                                   |..........|
                                                   ...@s......|
                                                   |...$.......
                                                   -----.------

Ackbladder the Thaumaturge  St:5 Dx:17 Co:13 In:17 Wi:11 Ch:9  Neutral
Dlvl:8  $:157 HP:0(55) Pw:6(62) AC:9  Xp:6 T:3942  Stressed

Latest messages:
 You have a little trouble lifting $ - 13 gold pieces (157 in total).
 In what direction? 4
 The spell hits the gas spore!
 You kill the gas spore!
 Boom!
 You fall down the stairs.
 You see here a pearl ring.
 You have a little trouble lifting u - a pearl ring.
 In what direction? 4
 The spell hits the ettin zombie!
 In what direction? 4
 The spell hits the ettin zombie!
 In what direction? 4
 The spell hits the ettin zombie!
 You destroy the ettin zombie!
 You see here an ettin corpse.
 The giant spider bites!
 The giant spider bites!
 The giant spider bites!
 You see here 51 gold pieces.
 The giant spider bites!
 The giant spider bites!
 In what direction? 9
 The spell misses the giant spider.
 The giant spider bites!
 The giant spider bites!
 In what direction? 6
 The spell misses the giant spider.
 The giant spider bites!
 In what direction? 6
 The spell hits the giant spider!
 The giant spider bites!
 The giant spider's bite was poisoned!
 You rebalance your load.  Movement is difficult.
 You feel weaker!
 The giant spider bites!
 The giant spider's bite was poisoned!
 You feel weaker!
 The giant spider bites!
 What do you want to zap? [cD or ?*] ?
 Never mind.
 In what direction? .
 You feel better.
 The giant spider bites!
 The giant spider bites!
 The giant spider's bite was poisoned!
 Wizard, your life force is running out.
 You die...
 Do you want your possessions identified? [ynq] (y) y
 Do you want to see your attributes? [ynq] (y) q

Inventory:
 Coins    ('$')
  $ - 157 gold pieces
 Amulets  ('"')
  E - a cursed amulet of strangulation
 Weapons  (')')
  y - a +1 sling
  A - a cursed +0 sling
  n - 26 +0 darts
  z - 4 +0 daggers
  a - a blessed +1 quarterstaff (weapon in hands)
 Armor    ('[')
  N - a cursed -1 helm of opposite alignment
  b - an uncursed +0 cloak of magic resistance (being worn)
  q - a blessed +0 leather armor
 Comestibles  ('%')
  r - an uncursed cram ration
  Q - an uncursed cream pie
  T - 2 uncursed food rations
  R - 2 uncursed fortune cookies
 Scrolls  ('?')
  X - 2 uncursed scrolls of create monster
  j - 2 uncursed scrolls of enchant armor
  i - 2 uncursed scrolls of light
  O - an uncursed scroll of magic mapping
  U - 2 uncursed scrolls of teleportation
 Spellbooks  ('+')
  Y - an uncursed spellbook of cure blindness
  k - a blessed spellbook of force bolt
  l - an uncursed spellbook of healing
  w - an uncursed spellbook of wizard lock
 Potions  ('!')
  h - a blessed potion of blindness
  g - an uncursed potion of fruit juice
  P - a cursed potion of fruit juice
  s - an uncursed potion of gain level
  Z - 2 uncursed potions of healing
  S - 2 uncursed potions of invisibility
  f - an uncursed potion of levitation
  t - an uncursed potion of polymorph
  B - a cursed potion of speed
 Rings    ('=')
  u - a cursed ring of hunger
  J - an uncursed -1 ring of increase damage
  d - an uncursed ring of invisibility
  e - an uncursed ring of shock resistance
 Wands    ('/')
  D - a wand of magic missile (0:5)
  c - a wand of polymorph (0:5)
 Tools    ('(')
  p - an uncursed bell
  I - an uncursed leash
  x - an uncursed lock pick
  m - a magic marker (0:22)
  v - an uncursed oil lamp
  V - an uncursed oil lamp
  K - an uncursed tin opener
  M - an uncursed tin whistle
 Gems/Stones  ('*')
  F - an uncursed worthless piece of blue glass

Ackbladder the Wizard's attributes:

Background:
 You were a Thaumaturge, a level 6 female human Wizard.
 You were neutral, on a mission for Thoth
 who was opposed by Ptah (lawful) and Anhur (chaotic).
 You were right-handed.
 You were in the Dungeons of Doom, on level 8.
 You entered the dungeon 3942 turns ago.
 You had 495 experience points, 145 more were needed to attain level 7.

Basics:
 You had 0 out of 55 hit points.
 You had 6 out of 62 energy points (spell power).
 Your armor class was 9.
 Your wallet contained 157 zorkmids.
 Autopickup was off.

Final Characteristics:
 Your strength was 5 (peak:12, limit:18/100).
 Your dexterity was 17 (limit:18).
 Your constitution was 13 (limit:18).
 Your intelligence was 17 (limit:18).
 Your wisdom was 11 (limit:18).
 Your charisma was 9 (limit:18).

Final Status:
 You weren't hungry.
 You were stressed; movement was moderately slowed.
 You were wielding a quarterstaff.
 You had basic skill with quarterstaff and could have enhanced that.

Final Attributes:
 You were piously aligned.
 You were magic-protected.
 You were warded.
 You are dead.

Miscellaneous:
 You didn't encounter any bones levels.
 Total elapsed playing time was 32 minutes and 45 seconds.

Major events:
 Turn
    1: Ackbladder the neutral female human Wizard entered the dungeon
  610: entered the Gnomish Mines
  641: attained the rank of Conjurer (level 3)
 3451: attained the rank of Thaumaturge (level 6)
 3942: killed by a giant spider

Spells:
 Name                 Level Category     Fail Retention
 force bolt             1   attack         0%   81%-90%
 healing                1   healing        0%  76%-100%
 wizard lock            2   matter        40%  76%-100%
 cure blindness         2   healing       40%  76%-100%

Skills:
 Fighting Skills
   bare handed combat [Unskilled]
   riding             [Unskilled]
 Weapon Skills
   dagger             [Unskilled]
   knife              [Unskilled]
   axe                [Unskilled]
   short sword        [Unskilled]
   club               [Unskilled]
   mace               [Unskilled]
   quarterstaff       [Basic]
   polearms           [Unskilled]
   spear              [Unskilled]
   trident            [Unskilled]
   sling              [Unskilled]
   dart               [Unskilled]
   shuriken           [Unskilled]
 Spellcasting Skills
   attack spells      [Basic]
   healing spells     [Unskilled]
   divination spells  [Unskilled]
   enchantment spells [Basic]
   clerical spells    [Unskilled]
   escape spells      [Unskilled]
   matter spells      [Unskilled]

Voluntary challenges:
 Character rerolling was not enabled.
 You never genocided any monsters.
 You never polymorphed an object.
 You never changed form.
 You used no wishes.
Achievements:
 You entered a shop.
 You entered the Gnomish Mines.
 You attained the rank of Conjurer.
 You attained the rank of Thaumaturge.

 The Dungeons of Doom: levels 1 to 8
    Level 1:
    Level 2:
       A general store.
       Stairs down to The Gnomish Mines.
    Level 3:
    Level 4:
       A scroll shop.
    Level 5:
       A potion shop.
    Level 6:
    Level 7:
       A fountain.
    Level 8: <- You were here.
       Final resting place for
          you, killed by a giant spider.
 The Gnomish Mines:
    Level 3:


Vanquished creatures:
 an ettin zombie
  2 imps
  a wood nymph
  a rock mole
  a pony
  a shrieker
  2 gnome leaders
  a little dog
  a floating eye
  a kitten
  a dwarf
 15 hill orcs
  a rabid rat
  a centipede
  a wererat
  2 werejackals
  6 iguanas
 an acid blob
  a gas spore
  a hobbit
  3 hobgoblins
  4 giant rats
  7 gnomes
  3 geckos
  6 jackals
  a kobold
  2 goblins
  2 sewer rats
  9 grid bugs
  4 bats
  2 lichens
  2 kobold zombies
  5 newts
92 creatures vanquished.

No species were genocided or became extinct.

Game over:
                       ----------
                      /          \
                     /    REST    \
                    /      IN      \
                   /     PEACE      \
                  /                  \
                  |    Ackbladder    |
                  |      157 Au      |
                  |   killed by a    |
                  |   giant spider   |
                  |                  |
                  |                  |
                  |       2026       |
                 *|     *  *  *      | *
        _________)/\\_//(\/(/\)/\//\/|_)_______

Goodbye Ackbladder the Wizard...

You died in The Dungeons of Doom on dungeon level 8 with 2472 points,
and 157 pieces of gold, after 3942 moves.
You were level 6 with a maximum of 55 hit points when you died.

